 Dungeon Sprint DCSS version 0.27-a0-1202-ge72e49191c (webtiles) character file.

Game seed: 2411823583021205603

1604 night the Grappler (level 8, -16/74 HPs)
             Began as a Troll Fighter on June 3, 2021.
             Was an Initiate of Gozag.
             Killed from afar by a deep elf pyromancer (22 damage)
             ... with a bolt of fire
             ... in the Dungeon (Sprint IX: "|||||||||||||||||||||||||||||").
             The game lasted 00:01:33 (190 turns).

night the Grappler (Troll Fighter)                   Turns: 190, Time: 00:01:34

Health: -16/74     AC:  5    Str: 30    XL:     8   Next: 63%
Magic:  7/7        EV: 10    Int:  7    God:    Gozag
Gold:   432        SH: 12    Dex:  9    Spells: 7/7 levels left

rFire    . . .     SeeInvis .     - Unarmed
rCold    . . .     Faith    .   b - +0 kite shield
rNeg     . . .     Spirit   .   a - +0 robe
rPois    .         Reflect  .   (helmet restricted)
rElec    .         Harm     .   m - +0 cloak
rCorr    .         Rampage  .   (gloves unavailable)
Will     .....     NoTele   +   (boots unavailable)
Stlth    +.........             (no amulet)
HPRegen  1.22/turn              n - +3 ring of strength
MPRegen  0.10/turn              o - +3 ring of intelligence

@: gold aura
A: large, unfitting armour, claws 3, regeneration 1, shaggy fur 1, tough skin 1
a: Renounce Religion, Potion Petition, Call Merchant, Bribe Branch


You were in the Dungeon.
You worshipped Gozag.
Gozag was aware of your devotion.
You visited 1 branch You collected 432 gold pieces.

Inventory:

Armour
 a - a +0 robe (worn)
 b - a +0 kite shield (worn)
 m - a +0 cloak (worn)
Jewellery
 n - a +3 ring of strength (left claw)
 o - a +3 ring of intelligence (right claw)
Wands
 l - a wand of iceblast (10)
Scrolls
 i - 2 scrolls of blinking
 k - 2 scrolls of amnesia
Potions
 c - a potion of might
 d - 5 potions of curing
 e - 3 potions of heal wounds
 f - a potion of haste
 g - 4 potions of magic
 h - a potion of berserk rage


   Skills:
 - Level 2.4 Fighting
 - Level 2.4 Dodging
 + Level 11.7 Shields
 + Level 13.4 Unarmed Combat


You had 7 spell levels left.
You didn't know any spells.
Your spell library was empty.

Dungeon Overview and Level Annotations

Branches:
Dungeon (1/1)

Altars:
Cheibriados
Dithmenos
Elyvilon
Fedhas
Gozag
Hepliaklqana
Kikubaaqudgha
Makhleb
Nemelex Xobeh
Okawaru
Qazlal
Ru
Sif Muna
Trog
Uskayaw
Vehumet
Wu Jian
Xom
Yredelemnul
Zin
The Shining One
Beogh
Jiyva
Lugonu


Innate Abilities, Weirdness & Mutations

You are too large for most types of armour.
You have claws for hands.
Your natural rate of healing is unusually fast.
You are covered in fur. (AC +1)
You have tough skin. (AC +1)


Message History

The vampire mosquito is almost destroyed.
The vampire mosquito barely misses you.
You mangle the vampire mosquito!!
You destroy the vampire mosquito!
Your Unarmed Combat skill increases to level 13!
You closely miss the orc wizard. You claw the orc wizard!
The orc wizard is severely wounded.
The orc wizard casts a spell at you. The puff of flame hits you!
You claw the orc wizard!
You kill the orc wizard!
You mangle the troll!!
The troll is severely wounded.
You closely miss the troll.
The troll is severely wounded.
The deep elf pyromancer gestures wildly while chanting.
The troll barely misses you. The troll claws you. The troll claws you!
You claw the troll!
The troll is almost dead.
The troll bites you!
* * * LOW HITPOINT WARNING * * *
The troll claws you.
* * * LOW HITPOINT WARNING * * *
The troll claws you.
* * * LOW HITPOINT WARNING * * *
You claw the troll!
You kill the troll!
The fire elemental hits you. The fire elemental burns you!
* * * LOW HITPOINT WARNING * * *
You claw the fire elemental!
The fire elemental is moderately damaged.
The fire elemental becomes distracted by the nearby gold, dreaming of imaginary riches.
The deep elf pyromancer points at you and mumbles some strange words.
The bolt of fire hits the fire elemental.
The fire elemental completely resists.
The fire elemental is no longer distracted by gold.
The bolt of fire hits you!!
You die...
Your body crumbles into a pile of gold. ▓▓▓▓▓▓▓▓▓▓▓▓▓▓▓▓▓▓▓▓▓▓▓▓ ...We°E@...).)..[.[.)..' ▓▓▓▓▓▓▓▓▓▓▓▓▓▓▓▓▓▓▓▓▓▓▓▓ $ $$$$$ $ $ $ $$$$$

You could see a deep elf pyromancer, a fire elemental (summoned) and a wraith.

Vanquished Creatures
  A two-headed ogre (D)
  A manticore (D)
  A troll (D)
  A vampire mosquito (D)
  An ice beast (D)
  A killer bee (D)
  A howler monkey (D)
  A hound (D)
  A gnoll shaman (D)
  An orc wizard (D)
  A white imp (D)
  An ufetubus (D)
  An adder zombie (D)
  A dart slug (D)
  A bat (D)
  A ball python skeleton (D)
  A ball python zombie (D)
  2 kobolds (D)
  A rat (D)
20 creatures vanquished.

Notes
Turn   | Place    | Note
-------+----------+-------------------------------------------
     0 | D        | night the Troll Fighter began the quest for the Orb.
     0 | D        | Reached XP level 1. HP: 22/22 MP: 0/0
    24 | D        | Reached skill level 3 in Unarmed Combat
    29 | D        | Noticed an ice beast
    29 | D        | Noticed a hound
    40 | D        | Killed a hound
    41 | D        | Reached skill level 4 in Unarmed Combat
    41 | D        | Reached XP level 2. HP: 29/29 MP: 1/1
    41 | D        | Reached XP level 3. HP: 36/36 MP: 2/2
    43 | D        | Reached skill level 5 in Unarmed Combat
    47 | D        | Killed an ice beast
    48 | D        | Reached skill level 7 in Unarmed Combat
    48 | D        | Reached XP level 4. HP: 44/44 MP: 3/3
    48 | D        | Reached XP level 5. HP: 50/50 MP: 4/4
    55 | D        | Found a snail-covered altar of Cheibriados.
    55 | D        | Found a shadowy altar of Dithmenos.
    55 | D        | Found a white marble altar of Elyvilon.
    55 | D        | Found a blossoming altar of Fedhas.
    55 | D        | Found an opulent altar of Gozag.
    56 | D        | Found a hazy altar of Hepliaklqana.
    57 | D        | Found a viscous altar of Jiyva.
    58 | D        | Found an ancient bone altar of Kikubaaqudgha.
    59 | D        | Found a corrupted altar of Lugonu.
    60 | D        | Found a burning altar of Makhleb.
    61 | D        | Found a sparkling altar of Nemelex Xobeh.
    62 | D        | Found an iron altar of Okawaru.
    63 | D        | Became a worshipper of Gozag Ym Sagoz the Greedy
    64 | D        | Found a stormy altar of Qazlal.
    65 | D        | Found a sacrificial altar of Ru.
    66 | D        | Found a shimmering blue altar of Sif Muna.
    67 | D        | Found a bloodstained altar of Trog.
    68 | D        | Found a hide-covered altar of Uskayaw.
    69 | D        | Found a radiant altar of Vehumet.
    70 | D        | Found an ornate altar of the Wu Jian Council.
    71 | D        | Found a shimmering altar of Xom.
    72 | D        | Found a basalt altar of Yredelemnul.
    73 | D        | Found a glowing silver altar of Zin.
    74 | D        | Found a glowing golden altar of the Shining One.
   105 | D        | Noticed a two-headed ogre
   118 | D        | Killed a two-headed ogre
   119 | D        | Reached skill level 10 in Shields
   119 | D        | Reached skill level 11 in Unarmed Combat
   119 | D        | Reached XP level 6. HP: 18/59 MP: 5/5
   119 | D        | Reached XP level 7. HP: 20/66 MP: 6/6
   129 | D        | Reached skill level 12 in Unarmed Combat
   170 | D        | Noticed a wraith
   170 | D        | Noticed a deep elf pyromancer
   170 | D        | Noticed a troll
   170 | D        | Noticed a vampire mosquito
   170 | D        | Noticed a manticore
   177 | D        | Killed a manticore
   178 | D        | Reached XP level 8. HP: 47/74 MP: 7/7
   183 | D        | Reached skill level 13 in Unarmed Combat
   189 | D        | Killed a troll
   189 | D        | HP: 5/74 [fire elemental[a deep elf pyromancer] (9)]
   190 | D        | Killed from afar by a deep elf pyromancer

Illustrated notes

Levels and vault maps discovered:
D:        linesprint [early_d, line_temple, items_1, d_10, items_2, lair_1,
          lair_end, items_3, orc_1, orc_end, items_4, d_15, swamp_1, shoals_1,
          snake_1, spider_1, d_20, vaults_1, items_5, swamp_end, shoals_end,
          snake_end, spider_end, vaults_end, d_27, items_6, zot_1, zot_end,
          crypt_end, forest_end, elf_end, slime_end, tomb_end, abyss_end,
          pan_hell_end]

Skill      XL: |  1  2  3  4  5  6  7  8 |
---------------+-------------------------+-----
Shields        | 4 6 10 11 | 11.7
Unarmed Combat | 4 7 11 12 13 | 13.4
Fighting       | |  2.4
Dodging        | |  2.4

Action                   |  1- 3 |  4- 6 |  7- 9 || total
-------------------------+-------+-------+-------++-------
Melee: Unarmed           |    36 |    14 |    29 ||    79
  Use: Potion            |       |     1 |       ||     1
 Stab: Invisible         |       |       |     4 ||     4
Armor: Robe              |    10 |     1 |     4 ||    15
Dodge: Dodged            |    18 |     8 |     4 ||    30
Block: Kite shield       |    14 |     4 |     8 ||    26

Table legend: (Time is in decaauts)
 A = Elapsed time spent in this place.
 B = Non-inter-level travel time spent in this place.
 C = Inter-level travel time spent in this place.
 D = Time resting spent in this place.
 E = Time spent auto-exploring this place.
 F = Levels seen in this place.
 G = Mean time per level.
                   A        B        C        D        E       F      G
               +--------+--------+--------+--------+--------+-----+--------+
         Total |    186 |    186 |      0 |     23 |      0 |   1 |  186.0 |
       Dungeon |    186 |    186 |      0 |     23 |      0 |   1 |  186.0 |
               +--------+--------+--------+--------+--------+-----+--------+

Top non-repeatable levels by time:
       D: 186 daAuts
